 Dungeon Crawl Stone Soup version 0.22-a0-833-g8522bf8125 (webtiles) character file.

91 Htamos the Skirmisher (level 4, -9/45 HPs)
             Began as an Ogre Skald on July 25, 2018.
             Killed from afar by Sigmund (11 damage)
             ... with a puff of flame
             ... on level 2 of the Dungeon.
             The game lasted 00:03:42 (2506 turns).

Htamos the Skirmisher (Ogre Skald)                  Turns: 2506, Time: 00:03:43

Health: -9/45      AC:  3    Str: 15    XL:     4   Next: 57%
Magic:  4/8        EV: 10    Int: 14    God:
Gold:   118        SH:  0    Dex:  9    Spells: 5/9 levels left

rFire    . . .     SeeInvis .   m - +0 whip
rCold    . . .     Gourm    .   (no shield)
rNeg     . . .     Faith    .   b - +0 robe
rPois    .         Spirit   .   (helmet restricted)
rElec    .         Reflect  .   (no cloak)
rCorr    .         Harm     .   (gloves unavailable)
MR       .....                  (boots unavailable)
Stlth    +.........             (no amulet)
HPRegen  0.15/turn              (no ring)
MPRegen  0.11/turn              (no ring)

@: very slightly contaminated
A: large, unfitting armour, tough skin 1
a: no special abilities


You were on level 2 of the Dungeon.
You were very hungry.

You visited 1 branch of the dungeon, and saw 2 of its levels.

You collected 118 gold pieces.

Inventory:

Hand Weapons
 a - a +0 mace
 m - a +0 whip (weapon)
Missiles
 l - 53 stones (quivered)
Armour
 b - a +0 robe (worn)
Jewellery
 p - a cursed amulet of inaccuracy {unknown}
Scrolls
 c - 2 scrolls of identify {unknown}
 e - 2 scrolls of teleportation {unknown}
 g - a scroll of amnesia {unknown}
 i - a scroll of fog {unknown}
 j - a scroll of fear {unknown}
 n - a scroll of enchant armour {unknown}
 o - 5 scrolls of remove curse {unknown}
Potions
 f - a potion of agility {unknown}
 h - 2 potions of heal wounds
Comestibles
 d - 3 rations
 k - a chunk of flesh


   Skills:
 + Level 3.4 Fighting
 * Level 2.9 Maces & Flails
 + Level 2.5 Dodging
 + Level 3.0 Spellcasting
 + Level 3.0 Charms


You had 5 spell levels left.
You knew the following spells:

 Your Spells              Type           Power        Failure   Level  Hunger
a - Infusion              Chrm           ##..         6%          1    #......
b - Regeneration          Chrm/Necr      #.........   34%         3    ###....

Your spell library contained the following spells:

 Spells                   Type           Power        Failure   Level  Hunger
 Shroud of Golubria       Chrm/Tloc      #.........   17%         2    ##.....
 Song of Slaying          Chrm           ##......     9%          2    ##.....
 Spectral Weapon          Hex/Chrm       #.......     34%         3    ###....


Dungeon Overview and Level Annotations

Branches:
Dungeon (2/15)

Altars:

Annotations:
D:2 Natasha, Sigmund


Innate Abilities, Weirdness & Mutations

You are too large for most types of armour.
You have tough skin. (AC +1)


Message History

Your skin glows momentarily.
You are feeling very hungry.
Sigmund points at you and mumbles some strange words.
The puff of flame hits you!
* * * LOW HITPOINT WARNING * * *
There is an open door here.
You close the door.
Sigmund opens the door.
Sigmund points at you and mumbles some strange words.
The magic dart hits you!
* * * LOW HITPOINT WARNING * * *
Sigmund gestures at you while chanting. The magic dart hits you!
* * * LOW HITPOINT WARNING * * *
Sigmund gestures at you while chanting. The puff of flame hits you!
* * * LOW HITPOINT WARNING * * *
Sigmund points at you and mumbles some strange words.
The puff of flame hits you!
You die...

..........#
#.#.....#.#
......÷...#
#.#.....#.#
..........#
#.#.....#.# ######
###########
#.......#.# #..)..
##......#.######.####
###########
#......#........##..
..........#
#......###......##..
..........# #......#
#......##.#
..........# #..@...#
#......#..#
..........# ##.##.##
#......#...
..........# #.##.#
#......####
..........# #.##.#
#........#.
..........# #.##.#
#.......#.#.
.......÷..# #.##.#
#.###...#.#.
..........#####..#.#
#. #.#.# #.
..........##..@..#.#
#. #.#.# #.
...............#...#
#. #.#.# #.


You could see Sigmund.

Vanquished Creatures
  Natasha (D:2)
  4 adders (D:2)
  A dart slug (D:1)
  6 leopard geckos
  4 bats
  A giant cockroach (D:2)
  A goblin (D:2)
  A quokka (D:2)
  A ball python (D:1)
  3 kobolds
  2 rats (D:1)
25 creatures vanquished.

Notes
Turn   | Place    | Note
-------+----------+-------------------------------------------
     0 | D:1      | Htamos the Ogre Skald began the quest for the Orb.
     0 | D:1      | Reached XP level 1. HP: 22/22 MP: 3/3
   665 | D:1      | Reached XP level 2. HP: 26/29 MP: 5/5
  1473 | D:2      | Noticed Natasha
  1478 | D:2      | Noticed a crimson imp
  1491 | D:2      | Noticed a crimson imp
  1495 | D:2      | Reached XP level 3. HP: 35/37 MP: 0/7
  1522 | D:2      | Killed Natasha
  1729 | D:2      | Reached XP level 4. HP: 33/45 MP: 3/8
  2044 | D:2      | Noticed Natasha
  2348 | D:2      | Learned a level 3 spell: Regeneration
  2415 | D:2      | Noticed Sigmund
  2505 | D:2      | HP: 2/45 [Sigmund/puff of flame (9)]
  2506 | D:2      | Killed from afar by Sigmund

Vault maps used:
D:1:      roderic_crossed_star
D:2:      first_ration, nicolae_ru_path_of_blood, uniq_sigmund, uniq_natasha

Skill      XL: |  1  2  3  4 |
---------------+-------------+-----
Maces & Flails | 2 |  2.9
Fighting       | 3 |  3.4
Charms         | 3 |  3.0
Spellcasting   | 3 |  3.0
Dodging        | |  2.5

Action                   |  1- 3 |  4- 6 || total
-------------------------+-------+-------++-------
Melee: Mace              |    38 |       ||    38
       Whip              |    53 |    51 ||   104
 Cast: Infusion          |     5 |     2 ||     7
       Regeneration      |       |     2 ||     2
  Use: Potion            |     1 |       ||     1
  Eat: Chunk             |     1 |       ||     1
       Ration            |       |     1 ||     1
Armor: Robe              |    53 |    10 ||    63
Dodge: Dodged            |    70 |    29 ||    99

Table legend:
 A = Spawn XP
 B = Non-spawn XP
 C = Spawn XP percentage of total XP
 D = Spawn monster count
 E = Non-spawn monster count
 F = Spawn count percentage of total count
 G = Total turns spent on level
                    A         B        C        D         E        F      G
               +---------+---------+-------+---------+---------+-------+---------
         Total |       0 |     130 |   0.0 |       0 |      25 |   0.0 |  2506
               +---------+---------+-------+---------+---------+-------+---------
           D:1 |       0 |      21 |   0.0 |       0 |      10 |   0.0 |  1221
           D:2 |       0 |     109 |   0.0 |       0 |      15 |   0.0 |  1285
               +---------+---------+-------+---------+---------+-------+---------
